 Dungeon Crawl Stone Soup version 0.30-a0-141-g30f27751c5 (webtiles) character file.

Game seed: 7321007653017391214

152 qw the Chopper (level 5, 0/32 HPs)
             Began as a Gargoyle Fighter on Sept 25, 2022.
             Slain by an orc
             ... wielding a +0 flail
              (6 damage)
             ... on level 3 of the Dungeon.
             The game lasted 00:00:50 (1868 turns).

qw the Chopper (Gargoyle Fighter)                   Turns: 1868, Time: 00:00:51

Health: 0/32       AC: 13    Str: 22    XL:     5   Next: 34%
Magic:  5/5        EV:  9    Int:  8    God:
Gold:   232        SH:  4    Dex:  9    Spells: 4/4 levels left

rFire   . . .      SeeInvis .    Y - +0 war axe
rCold   . . .      Faith    .    c - +0 buckler
rNeg    + . .      Spirit   .    b - +0 scale mail
rPois   inf        Reflect  .    (no helmet)
rElec   +          Harm     .    (no cloak)
rCorr   .          Rampage  .    e - +1 pair of gloves
Will    .....                    (no boots)
Stlth   ..........               (no amulet)
HPRegen 0.10/turn                (no ring)
MPRegen 0.09/turn                (no ring)

@: no status effects
A: sickness immunity, AC +4, negative energy resistance 1, electricity
resistance, torment resistance 1, petrification resistance
a: no special abilities


You were on level 3 of the Dungeon.
You visited 1 branch of the dungeon, and saw 3 of its levels.

You collected 232 gold pieces.


Innate Abilities, Weirdness & Mutations

You are immune to sickness and miasma.
Your stone body is resilient. (AC +4)
You are immune to poison.
You resist negative energy. (rN+)
You are resistant to electric shocks. (rElec)
You are resistant to unholy torment.
You are immune to petrification.


   Skills:
 - Level 3.2 Fighting
 + Level 4.9 Axes
 - Level 3.2 Armour
 - Level 3.2 Shields


You had 4 spell levels left.
You didn't know any spells.
Your spell library was empty.

Inventory:

Hand Weapons
 a - a +0 flail
 Y - a +0 war axe (weapon)
Missiles
 j - 3 boomerangs (quivered)
Armour
 b - a +0 scale mail (worn)
 c - a +0 buckler (worn)
 e - a +1 pair of gloves (worn)
Scrolls
 h - 2 scrolls of identify
Potions
 d - a potion of might
 f - a potion of flight {unknown}
 g - a potion of cancellation {unknown}
 k - a potion of mutation {unknown}

Dungeon Overview and Level Annotations

Branches:
Dungeon (3/15)

Altars:

Shops:
D:1 =   D:2 (


Message History

The orc priest calls upon Beogh to heal the orc.
The orc's wounds heal themselves!
The orc closely misses you.
You barely miss the orc priest.
The orc priest is almost dead.
You slash the orc!
You kill the orc!
You closely miss the orc.
The orc priest invokes the aid of Beogh against you.
Beogh smites you! The orc hits you but does no damage.
You slash the orc priest!
You kill the orc priest!
You barely miss the orc. You hit the orc. The orc hits you but does no damage.
The orc hits you with a +0 flail. The orc hits you but does no damage.
You block the orc's attack. The orc barely misses you.
You hit the orc but do no damage.
The orc is heavily wounded.
You barely miss the orc. You hit the orc.
You kill the orc!
The orc hits you with a +0 flail. The orc closely misses you.
You closely miss the orc.
The orc is heavily wounded.
You closely miss the orc. The orc closely misses you.
The orc barely misses you.
You hit the orc.
The orc is heavily wounded.
You hit the orc. You block the orc's attack.
The orc hits you but does no damage.
You hit the orc but do no damage.
The orc is heavily wounded.
You hit the orc.
You kill the orc!
The orc hits you but does no damage. x2
You closely miss the orc.
The orc is heavily wounded.
The orc barely misses you.
You barely miss the orc.
The orc is heavily wounded.
The orc hits you with a +0 flail.
You die...

..# #..........#
#..............#
........#.####)#
#######.# #%#
#.# #.# #.# #.#
..# #.# ###
#.####.#
#@)....#
.......o)..###
#######..#.#
.......
...#.##.#
....... . .#.##
## .....


You could see an orc.

Vanquished Creatures
  An orc priest (D:3)
  6 adders
  3 dart slugs
  5 orcs (D:3)
  4 ball pythons
  9 bats
  2 endoplasms (D:1)
  4 giant cockroaches
  6 goblins
  6 hobgoblins
  A jackal (D:2)
  3 quokkas
  A frilled lizard (D:1)
  3 kobolds (D:2)
  4 rats
58 creatures vanquished.

Notes
Turn   | Place    | Note
-------+----------+-------------------------------------------
     0 | D:1      | qw the Gargoyle Fighter began the quest for the Orb.
     0 | D:1      | Reached XP level 1. HP: 14/14 MP: 1/1
     0 | D:1      | 0 ||| qw: Version: 0.2-a-10-g399e6c4
     0 | D:1      | 0 ||| qw: Game counter: 179
     0 | D:1      | 0 ||| qw: Always use a shield: true
     0 | D:1      | 0 ||| qw: God list: Okawaru
     0 | D:1      | 0 ||| qw: Allow faded altars: false
     0 | D:1      | 0 ||| qw: Do Orc after D:15 true
     0 | D:1      | 0 ||| qw: Do second Lair branch before Depths: true
     0 | D:1      | 0 ||| qw: Lair rune preference: random
     0 | D:1      | 0 ||| qw: Plans: Normal, Zot:1-4, God:TSO, Crypt, Tomb,
                  | Pan, Slime:5, Hells, Abyss, Orb
     0 | D:1      | 0 ||| PLANNING D:1-11
   104 | D:1      | Reached skill level 2 in Axes
   206 | D:1      | Reached XP level 2. HP: 19/19 MP: 2/2
   257 | D:1      | 257 ||| Stepping ~*~*~tactically~*~*~ (stealth).
   294 | D:1      | Found Vawnofuwn's Jewellery Boutique.
   395 | D:1      | 395 ||| SHOPLISTING +6 ring of strength (468 gold, have
                  | 33).
   395 | D:1      | 395 ||| SHOPLISTING amulet of the acrobat (390 gold, have
                  | 33).
   395 | D:1      | 395 ||| SHOPLISTING ring of fire (325 gold, have 33).
   395 | D:1      | 395 ||| SHOPLISTING ring of positive energy (260 gold, have
                  | 33).
   395 | D:1      | 395 ||| SHOPLISTING ring of protection from cold (325 gold,
                  | have 33).
   395 | D:1      | 395 ||| SHOPLISTING ring of resist corrosion (260 gold,
                  | have 33).
   395 | D:1      | 395 ||| SHOPLISTING ring of see invisible (195 gold, have
                  | 33).
   447 | D:1      | 447 ||| Stepping ~*~*~tactically~*~*~ (stealth).
   458 | D:1      | 458 ||| Stepping ~*~*~tactically~*~*~ (stealth).
   479 | D:1      | Reached skill level 3 in Axes
   545 | D:1      | Reached XP level 3. HP: 23/23 MP: 3/3
   671 | D:1      | 671 ||| UPGRADING to +1 pair of gloves.
   676 | D:1      | 676 ||| DROPPING +6 ring of intelligence.
   677 | D:1      | 677 ||| READING scroll labelled IDU DOWKULUONU.
   729 | D:1      | 729 ||| READING scroll labelled WUKHLIN TOAPY.
   730 | D:1      | 730 ||| READING scroll labelled SATENY LIAHESO.
   733 | D:1      | 733 ||| READING scroll labelled MAFIHE ZEYG.
   783 | D:2      | 783 ||| Stepping ~*~*~tactically~*~*~ (stealth).
   901 | D:2      | 901 ||| Stepping ~*~*~tactically~*~*~ (stealth).
   967 | D:2      | 967 ||| Stepping ~*~*~tactically~*~*~ (stealth).
  1052 | D:2      | 1052 ||| Stepping ~*~*~tactically~*~*~ (stealth).
  1145 | D:2      | Reached XP level 4. HP: 25/28 MP: 4/4
  1224 | D:2      | Reached skill level 4 in Axes
  1242 | D:2      | Found Dottehem's Weapon Shoppe.
  1744 | D:2      | 1744 ||| DROPPING +1 pair of gloves.
  1745 | D:2      | 1745 ||| READING 2 scrolls labelled HOOSTR HUUNUIQ.
  1746 | D:2      | 1746 ||| READING scroll labelled JEV GAMMUQO.
  1747 | D:2      | 1747 ||| DROPPING scroll of amnesia.
  1849 | D:3      | 1849 ||| DROPPING +0 mace.
  1859 | D:3      | Reached XP level 5. HP: 32/32 MP: 5/5
  1861 | D:3      | HP: 8/32 [orc priest/divine providence (11)]
  1868 | D:3      | Slain by an orc

Levels and vault maps discovered:
D:1:      erik_arrival_cave_to_civilisation [erik_arrival_cave_to_hall],
          layout_rooms, serial_shops, nicolae_shop_waterfront,
          minmay_misc_feat_rows
D:2:      layout_basic, serial_shops, nicolae_square_shop, minmay_pentomino_p4
D:3:      layout_loops_ring, ebering_ghost_disaster_area

Skill      XL: |  1  2  3  4 |
---------------+-------------+-----
Axes           | 2 3 4 |  4.9
Fighting       | |  3.2
Armour         | |  3.2
Shields        | |  3.2

Action                   |  1- 3 |  4- 6 || total
-------------------------+-------+-------++-------
Melee: War axe           |    89 |    68 ||   157
Throw: Boomerang         |       |     4 ||     4
  Use: Scroll            |     4 |     2 ||     6
Armor: Scale mail        |    46 |    32 ||    78
Dodge: Dodged            |    35 |    52 ||    87
Block: Buckler           |    15 |    16 ||    31

Table legend:
 A = Non-vault XP
 B = Vault XP
 C = Vault XP percentage of total XP
 D = Non-vault monster count
 E = Vault monster count
 F = Vault count percentage of total count
                 A         B        C        D         E       F
            +---------+---------+-------+---------+---------+-------
      Total |     206 |      12 |   5.5 |      52 |       6 |  10.3
            +---------+---------+-------+---------+---------+-------
        D:1 |      37 |       3 |   7.5 |      19 |       2 |   9.5
        D:2 |      75 |       9 |  10.7 |      19 |       4 |  17.4
        D:3 |      94 |       0 |   0.0 |      14 |       0 |   0.0
            +---------+---------+-------+---------+---------+-------
